 Dungeon Crawl Stone Soup version 0.26.0-10-g1f06aea511 (webtiles) character file.

Game seed: 2392975974783062524

1064 sanka the Skirmisher (level 8, -3/65 HPs)
             Began as a Barachi Hedge Wizard on Jan 22, 2021.
             Was a Believer of Nemelex Xobeh.
             Slain by a gnoll
             ... wielding a +0 scythe
              (8 damage)
             ... on level 5 of the Dungeon.
             The game lasted 00:13:06 (7473 turns).

sanka the Skirmisher (Barachi Hedge Wizard)         Turns: 7473, Time: 00:13:06

Health: -3/65      AC:  5    Str: 12    XL:     8   Next: 27%
Magic:  13/14      EV: 16    Int: 17    God:    Nemelex Xobeh [**....]
Gold:   424        SH:  0    Dex: 17    Spells: 12/15 levels left

rFire    . . .     SeeInvis .   a - +1 spear (venom)
rCold    . . .     Faith    .   (no shield)
rNeg     . . .     Spirit   .   b - +0 robe
rPois    .         Reflect  .   c - +0 hat
rElec    .         Harm     .   k - +0 cloak
rCorr    .         Rampage  .   v - +0 pair of gloves
Will     .....                  l - +0 pair of boots
Stlth    ++........             i - amulet of magic regeneration
HPRegen  0.20/turn              x - +6 ring of dexterity
MPRegen  0.39/turn              m - ring of wizardry

@: slow
A: +LOS, swims, slowness 1, strong legs 1
a: Hop, Renounce Religion, Draw Escape, Draw Destruction, Draw Summoning


You were on level 5 of the Dungeon.
You worshipped Nemelex Xobeh.
Nemelex Xobeh was pleased with you.
You visited 1 branch of the dungeon, and saw 5 of its levels.

You collected 424 gold pieces.


Innate Abilities, Weirdness & Mutations

You can be seen from farther away. (+LOS)
You can swim through water.
You cover ground slowly.
You can hop short distances.


   Skills:
 + Level 6.6 Fighting
 + Level 6.5 Dodging
 - Level 1.7 Stealth
 - Level 4.0 Spellcasting
 - Level 2.0 Conjurations
 - Level 4.0 Summonings
 - Level 1.1 Translocations
 + Level 1.7 Invocations


You had 12 spell levels left.
You knew the following spells:

 Your Spells              Type           Power        Failure   Level
x - Call Imp              Summ           17%          1%          2
z - Magic Dart            Conj           40%          2%          1

Your spell library contained the following spells:

 Spells                   Type           Power        Failure   Level
 Blink                    Tloc           N/A          6%          2
 Slow                     Hex            3%           10%         2
 Conjure Flame            Conj/Fire      6%           12%         3
 Mephitic Cloud           Conj/Pois/Air  5%           16%         3

Inventory:

Hand Weapons
 a - a +1 spear of venom (weapon)
 n - a +1 dagger of speed
 z - a +2 whip of venom
Missiles
 f - 2 throwing nets {=f}
Armour
 b - a +0 robe (worn)
 c - a +0 hat (worn)
 k - a +0 cloak (worn)
 l - a +0 pair of boots (worn)
 v - a +0 pair of gloves (worn)
Magical Staves
 F - an uncursed staff of cold
Jewellery
 i - an amulet of magic regeneration (around neck)
 m - a ring of wizardry (right hand)
 x - a +6 ring of dexterity (left hand)
 E - an uncursed ring of ice
Wands
 y - a wand of flame (19)
 C - a wand of enslavement (7)
Scrolls
 e - 9 scrolls of identify {unknown}
 g - 2 scrolls of enchant armour {unknown}
 h - 2 scrolls of enchant weapon {unknown}
 j - a scroll of fear {unknown}
 o - a scroll of magic mapping {unknown}
 q - 3 scrolls of blinking {unknown}
 t - 5 scrolls of remove curse {unknown}
 H - a scroll of teleportation {unknown}
Potions
 d - 2 potions of brilliance
 p - a potion of degeneration {unknown}
 r - a potion of ambrosia {unknown}
 s - a potion of heal wounds {unknown}
 u - a potion of magic
 w - a potion of attraction {unknown}
 A - a potion of flight {unknown}
 B - a potion of mutation {unknown}
 D - a potion of resistance {unknown}
 G - a potion of haste {@q3}
 I - a potion of experience {unknown}

Dungeon Overview and Level Annotations

Branches:
Dungeon (5/15)
 Temple: D:4-7

Altars:
Dithmenos
Nemelex Xobeh
Yredelemnul

Shops:
D:5

? ▒▒▒ ▒▒.+
▒▒▒▒▒▒▒ ▒▒(.▒
▒..▒..▒ ▒▒....
▒..ggg▒
.▒▒▒..▒▒▒
▒▒.g▒.g▒ .[
▒..▒▒
▒g.▒▒▒▒▒.▒ ▒..▒
▒▒▒▒▒▒▒g▒▒▒...▒
▒..▒▒
▒▒......)F....▒
▒▒[.▒
▒.....▒▒......▒
▒..▒ ▒
▒...▒▒▒▒▒▒....▒
▒▒.▒ ▒ ▒▒..▒
▒▒...▒ ▒▒.▒ ▒
▒..▒ .5.▒ ▒▒.▒▒
▒ ▒..▒ ▒..▒
▒▒.▒▒ ▒ ▒..▒
.>▒ ▒▒.▒▒ ▒
▒..▒ ▒▒▒▒▒▒..▒
▒ ▒▒..▒ ▒...▒▒


You could see 2 gnolls and a friendly crimson imp (summoned).


Message History

The gnoll is severely wounded.
The gnoll hits you from afar with a +0 scythe!
* * * LOW HITPOINT WARNING * * *
You could not reach far enough!
You kill the gnoll!
Something hits your crimson imp.
Your crimson imp hits the gnoll but does no damage.
The gnoll misses you.
You reach to attack!
You hit the gnoll but do no damage.
The gnoll is poisoned.
Your crimson imp barely misses the gnoll.
Your crimson imp barely misses the gnoll.
You reach to attack!
You closely miss the gnoll. Something hits your crimson imp!
Your crimson imp dies!
The gnoll completely misses you.
You reach to attack!
You hit the gnoll.
The gnoll looks even sicker.
The gnoll is lightly wounded.
The gnoll hits you from afar with a +0 scythe!
* * * LOW HITPOINT WARNING * * *
You reach to attack!
You completely miss the gnoll.
The gnoll is moderately wounded.
The gnoll hits you from afar with a +0 scythe!
You die...
Your body disappears without a glow.

Action                   |  1- 3 |  4- 6 |  7- 9 || total
-------------------------+-------+-------+-------++-------
Melee: Dagger            |    55 |    35 |       ||    90
       Spear             |       |    36 |   166 ||   202
 Cast: Magic Dart        |    97 |    74 |    22 ||   193
       Call Imp          |     1 |    21 |    19 ||    41
 Abil: Hop               |       |     1 |       ||     1
  Use: Potion            |       |     5 |     1 ||     6
 Stab: Distracted        |       |     1 |       ||     1
       Sleeping          |       |       |     5 ||     5
Armor: Robe              |    14 |    21 |    35 ||    70
Dodge: Dodged            |    51 |    64 |   132 ||   247

Levels and vault maps discovered:
D:1:      minmay_arrival_four_houses, layout_basic
D:2:      layout_loops_cross
D:3:      layout_rooms, overflow_temple_1_default,
          chequers_ecumenical_altar_simple_redux, minmay_puff, uniq_sigmund,
          uniq_grinder
D:4:      layout_basic, minmay_fractal_squares_diagonal_5
D:5:      layout_layer_cave, nicolae_dithmenos_shadow_blocks,
          nemelex_xobeh_ov_fountains_minmay, serial_shops, kennysheep_mini,
          sigmund_army

Notes
Turn   | Place    | Note
-------+----------+-------------------------------------------
     0 | D:1      | sanka the Barachi Hedge Wizard began the quest for the Orb.
     0 | D:1      | Reached XP level 1. HP: 13/13 MP: 4/4
   217 | D:1      | Reached XP level 2. HP: 9/19 MP: 1/6
   507 | D:1      | Reached skill level 2 in Conjurations
   745 | D:1      | Reached skill level 4 in Spellcasting
   748 | D:1      | Learned a level 2 spell: Call Imp
   901 | D:1      | Reached XP level 3. HP: 24/24 MP: 6/8
  1253 | D:1      | Reached skill level 2 in Summonings
  2267 | D:3      | Found a basalt altar of Yredelemnul.
  2279 | D:3      | Reached skill level 3 in Summonings
  2279 | D:3      | Reached XP level 4. HP: 20/30 MP: 3/10
  2451 | D:3      | Noticed Sigmund
  3084 | D:2      | Reached skill level 4 in Summonings
  3183 | D:2      | Noticed a sky beast
  3197 | D:2      | Killed a sky beast
  3198 | D:2      | Reached skill level 1 in Fighting
  3198 | D:2      | Reached XP level 5. HP: 38/38 MP: 5/11
  3316 | D:3      | Reached skill level 3 in Dodging
  3322 | D:3      | Reached skill level 2 in Fighting
  3497 | D:3      | Noticed an ogre
  3640 | D:2      | Killed Sigmund
  3641 | D:2      | Reached skill level 3 in Fighting
  3641 | D:2      | Reached XP level 6. HP: 38/47 MP: 10/12
  3899 | D:2      | Reached skill level 4 in Dodging
  4134 | D:3      | Reached skill level 4 in Fighting
  4265 | D:3      | Noticed Grinder
  4331 | D:3      | Found a faded altar of an unknown god.
  4560 | D:3      | Paralysed by Grinder for 6 turns
  4623 | D:3      | Killed Grinder
  4624 | D:3      | Reached XP level 7. HP: 26/55 MP: 9/13
  4884 | D:3      | Became a worshipper of Nemelex Xobeh the Trickster
  4884 | D:3      | Reached * piety under Nemelex Xobeh
  5034 | D:4      | Reached skill level 5 in Dodging
  5106 | D:4      | Reached skill level 5 in Fighting
  5342 | D:4      | Received a gift from Nemelex Xobeh
  6006 | D:4      | Reached skill level 6 in Dodging
  6125 | D:4      | Reached skill level 6 in Fighting
  6430 | D:5      | Entered Level 5 of the Dungeon
  6488 | D:5      | Received a gift from Nemelex Xobeh
  6546 | D:5      | Found Bioc's Magic Scroll Emporium.
  6652 | D:5      | Reached skill level 1 in Invocations
  6652 | D:5      | Reached XP level 8. HP: 49/64 MP: 14/14
  6669 | D:5      | Reached ** piety under Nemelex Xobeh
  6944 | D:5      | Found a shadowy altar of Dithmenos.
  7350 | D:5      | Found a sparkling altar of Nemelex Xobeh.
  7472 | D:5      | HP: 4/65 [gnoll/+0 scythe (12)]
  7473 | D:5      | Slain by a gnoll

Vanquished Creatures
  An ogre (D:3)
  2 centaurs (D:5)
  A scorpion (D:4)
  A howler monkey (D:3)
  An orc priest (D:4)
  A hound (D:4)
  A bullfrog skeleton (D:5)
  3 worker ants
  A hound skeleton (D:4)
  3 gnolls
  A howler monkey skeleton (D:2)
  A worker ant zombie (D:5)
  6 adders
  A shadow imp (D:5)
  2 white imps (D:5)
  An ooze (D:4)
  2 worms
  3 dart slugs (D:1)
  6 leopard geckos
  14 orcs
  4 ball pythons
  7 bats
  A giant cockroach (D:1)
  8 goblins
  5 hobgoblins
  3 jackals (D:3)
  3 quokkas
  6 frilled lizards
  10 kobolds
  2 quokka skeletons
  10 rats
111 creatures vanquished.

Vanquished Creatures (collateral kills)
  Grinder (D:3)
  Sigmund (D:2)
  A sky beast (D:2)
  A phantom (D:4)
  A centaur skeleton (D:5)
  An orc priest (D:2)
  A gnoll (D:4)
  An adder (D:3)
  5 orcs (D:4)
  2 giant cockroaches
  A bat (D:3)
  A rat (D:3)
17 creatures vanquished.

Grand Total: 128 creatures vanquished

Table legend: (Time is in decaauts)
 A = Elapsed time spent in this place.
 B = Non-inter-level travel time spent in this place.
 C = Inter-level travel time spent in this place.
 D = Time resting spent in this place.
 E = Time spent auto-exploring this place.
 F = Levels seen in this place.
 G = Mean time per level.
                   A        B        C        D        E       F      G
               +--------+--------+--------+--------+--------+-----+--------+
         Total |   8133 |   7621 |    512 |   3109 |   3264 |   5 | 1626.6 |
       Dungeon |   8133 |   7621 |    512 |   3109 |   3264 |   5 | 1626.6 |
               +--------+--------+--------+--------+--------+-----+--------+

Top non-repeatable levels by time:
     D:1: 2011 daAuts
     D:2: 1922 daAuts
     D:4: 1573 daAuts
     D:3: 1482 daAuts
     D:5: 1144 daAuts
